 Dungeon Crawl Stone Soup version 0.25.0-3-gd7cc5688da (webtiles) character file.

Game seed: 4608507107138881165

23 tilp the Grasshopper (level 2, -1/24 HPs)
             Began as a Demigod Warper on June 15, 2020.
             Slain by a rat (2 damage)
             ... on level 1 of the Dungeon.
             The game lasted 00:02:43 (395 turns).

tilp the Grasshopper (Demigod Warper)                Turns: 395, Time: 00:02:44

Health: -1/24      AC:  3    Str: 14    XL:     2   Next: 54%
Magic:  7/7        EV: 12    Int: 17    God:
Gold:   22         SH:  0    Dex: 15    Spells: 1/5 levels left

rFire    . . .     SeeInvis .   a - +0 mace
rCold    . . .     Gourm    .   (no shield)
rNeg     . . .     Faith    .   b - +0 leather armour
rPois    .         Spirit   .   (no helmet)
rElec    .         Reflect  .   (no cloak)
rCorr    .         Harm     .   (no gloves)
MR       .....                  (no boots)
Stlth    +.........             (no amulet)
HPRegen  0.08/turn              (no ring)
MPRegen  0.10/turn              (no ring)

@: no status effects
A: high mp 1
a: no special abilities


You were on level 1 of the Dungeon.
You were not hungry.

You visited 1 branch of the dungeon, and saw 1 of its levels.

You collected 22 gold pieces.

Inventory:

Hand Weapons
 a - a +0 mace (weapon)
 g - a +2 vampiric dagger
Missiles
 j - a stone (quivered)
Armour
 b - a +0 leather armour (worn)
Scrolls
 d - a scroll of blinking
 h - a scroll of identify {unknown}
 i - a scroll of amnesia {unknown}
 k - a scroll of remove curse {unknown}
Potions
 f - a potion of ambrosia {unknown}
Comestibles
 c - a ration
 l - 9 chunks of flesh


   Skills:
 - Level 2.0 Fighting
 + Level 2.3 Maces & Flails
 - Level 0.8 Throwing
 - Level 0.8 Armour
 - Level 2.0 Dodging
 - Level 2.0 Spellcasting
 + Level 2.8 Translocations


You had one spell level left.
You knew the following spells:

 Your Spells              Type           Power        Failure   Level  Hunger
a - Blink                 Tloc           N/A          11%         2    ###....
b - Shroud of Golubria    Chrm/Tloc      #.....       21%         2    ###....

Your spell library contained the following spells:

 Spells                   Type           Power        Failure   Level  Hunger
 Gell's Gravitas          Tloc           ##........   22%         3    ###....
 Lesser Beckoning         Tloc           ##........   22%         3    ###....
 Teleport Other           Tloc           ##......     22%         3    ###....
 Passage of Golubria      Tloc           N/A          58%         4    #####..


Dungeon Overview and Level Annotations

Branches:
Dungeon (1/15)


Innate Abilities, Weirdness & Mutations

You have an increased reservoir of magic. (+10% MP)


Message History

You see here a frilled lizard corpse.
You see here a stone.
Throwing (i - inventory. (/) - cycle)
e - a boomerang of dispersal (quivered)
Press: ? - help, Shift-Dir - straight line, f - rat
Aim: a rat You throw a boomerang of dispersal.
The boomerang of dispersal closely misses the rat.
The rat barely misses you.
Throwing (i - inventory)
j - 3 stones (quivered)
Press: ? - help, Shift-Dir - straight line, f/p - rat
Aim: a rat You throw a stone.
The stone hits the rat but does no damage.
The rat bites you.
* * * LOW HITPOINT WARNING * * *
Throwing (i - inventory)
j - 2 stones (quivered)
Press: ? - help, Shift-Dir - straight line, f/p - rat
Aim: a rat You throw a stone.
The stone closely misses the rat.
The rat bites you.
You die...

.........######### #.#
###......# ##.#
........## #..#
#.......# ##.##
#.......# #.K#
........##### #g##
..............######†#
#....##..# #@##.##
#.rgK# ###(.# ####


You could see a goblin, a kobold and a rat.

Vanquished Creatures
  An ooze (D:1)
  A leopard gecko (D:1)
  4 hobgoblins (D:1)
  A bat (D:1)
  2 frilled lizards (D:1)
  5 goblins (D:1)
  3 kobolds (D:1)
17 creatures vanquished.

Notes
Turn   | Place    | Note
-------+----------+-------------------------------------------
     0 | D:1      | tilp the Demigod Warper began the quest for the Orb.
     0 | D:1      | Reached XP level 1. HP: 17/17 MP: 5/5
   285 | D:1      | Reached XP level 2. HP: 20/24 MP: 7/7
   289 | D:1      | Learned a level 2 spell: Blink
   292 | D:1      | Learned a level 2 spell: Shroud of Golubria
   381 | D:1      | HP: 1/24 [rat (1)]
   394 | D:1      | HP: 1/24 [rat (1)]
   395 | D:1      | Slain by a rat

Illustrated notes

Levels and vault maps discovered:
D:1:      minmay_arrival_split_and_join, layout_rooms, minmay_tripent

Skill      XL: |  1 |
---------------+----+-----
Fighting       | 2 |  2.0
Dodging        | 2 |  2.0
Spellcasting   | 2 |  2.0
Maces & Flails | 2 |  2.3
Throwing       | |  0.8
Armour         | |  0.8
Translocations | |  2.8

Action                   || total
-------------------------++-------
Melee: Mace              ||    38
Throw: Boomerang         ||     5
       Stone             ||     2
Armor: Leather armour    ||     6
Dodge: Dodged            ||    39
